 Dungeon Crawl Stone Soup version 0.28.0-53-g5a82cb258f (webtiles) character file.

Game seed: 10015701246874769067

2087 Zeld the Ogre Mage (level 9, -6/69 (74) HPs)
             Began as an Ogre Fire Elementalist on June 6, 2022.
             Was an Initiate of Gozag.
             Mangled by a two-headed ogre
             ... wielding a +2 dire flail of draining
              (12 damage)
             ... on level 3 of the Dungeon.
             The game lasted 00:05:54 (8085 turns).

Zeld the Ogre Mage (Ogre Fire Elementalist)         Turns: 8085, Time: 00:05:54

HP:   -6/69 (74)    AC:  9    Str: 19    XL:     9   Next: 27%
MP:   21/21         EV: 15    Int: 23    God:    Gozag
Gold: 407           SH:  0    Dex: 14    Spells: 3/24 levels left

rFire   . . .      SeeInvis .   a - +1 falchion of Qawusin {spect, Str+5 Int+3 Dex+5}
rCold   . . .      Faith    .   (no shield)
rNeg    . . .      Spirit   .   l - +2 robe {Will+}
rPois   .          Reflect  .   (helmet restricted)
rElec   .          Harm     .   (no cloak)
rCorr   .          Rampage  .   (gloves unavailable)
Will    +....                   (boots unavailable)
Stlth   ++........              (no amulet)
HPRegen 0.21/turn               g - +4 ring of protection
MPRegen 0.17/turn               o - +4 ring of evasion

@: about to teleport, flying, drained
A: large, unfitting armour, tough skin 1
a: Renounce Religion, Potion Petition, Call Merchant, Bribe Branch


You were on level 3 of the Dungeon.
You worshipped Gozag.
Gozag was aware of your devotion.
You visited 2 branches of the dungeon, and saw 8 of its levels.

You collected 440 gold pieces.
You paid 33 gold pieces to Gozag.

Inventory:

Hand Weapons
 a - the +1 falchion of Qawusin (weapon) {spect, Str+5 Int+3 Dex+5}
   (You found it on level 5 of the Dungeon)

   When its wielder attacks, the weapon's spirit leaps out and strikes again.
   The spirit shares a part of any damage it takes with its wielder.
   Str:       It affects your strength (+5).
   Int:       It affects your intelligence (+3).
   Dex:       It affects your dexterity (+5).
 p - a +0 war axe
Armour
 l - a +2 robe of willpower (worn)
Jewellery
 g - a +4 ring of protection (left hand)
 o - a +4 ring of evasion (right hand)
Wands
 i - a wand of mindburst (2)
 k - a wand of iceblast (23)
Scrolls
 c - a scroll of amnesia
 m - a scroll of teleportation
 n - 3 scrolls of magic mapping
 r - a scroll of enchant armour
Potions
 b - a potion of degeneration {unknown}
 d - 2 potions of brilliance {unknown}
 e - a potion of berserk rage {unknown}
 f - a potion of mutation {unknown}
 h - a potion of flight
 q - a potion of lignification {unknown}
 s - a potion of heal wounds {unknown}
 t - a potion of haste {unknown}


   Skills:
 + Level 4.7 Dodging
 - Level 1.4 Stealth
 * Level 8.0 Spellcasting
 + Level 4.3 Conjurations
 * Level 6.8 Fire Magic


You had 3 spell levels left.
You knew the following spells:

 Your Spells              Type           Power      Damage    Failure   Level
a - Foxfire               Conj/Fire      100%       2x1d9     1%          1
b - Scorch                Fire           80%        2d9       1%          2
c - Inner Flame           Hex/Fire       24%        N/A       5%          3
d - Flame Wave            Conj/Fire      34%        2d8       7%          4
e - Fireball              Conj/Fire      17%        3d9       19%         5
f - Starburst             Conj/Fire      17%        6d6       71%         6

Your spell library contained the following spells:

 Spells                   Type           Power      Damage    Failure   Level
 Conjure Flame            Conj/Fire      34%        6-21      1%          3
 Metabolic Englaciation   Hex/Ice        4%         N/A       88%         5
 Discord                  Hex            4%         N/A       100%        8
 Ignition                 Fire           20%        3d7       100%        8


Dungeon Overview and Level Annotations

Branches:
Dungeon (7/15)             Temple (1/1) D:4

Altars:
Ashenzari
Cheibriados
Dithmenos
Elyvilon
Gozag
Kikubaaqudgha
Makhleb
Nemelex Xobeh
Okawaru
Qazlal
Ru
Sif Muna
Uskayaw
Vehumet
Wu Jian
Xom
Yredelemnul
Zin
The Shining One


Innate Abilities, Weirdness & Mutations

You are too large for most types of armour.
You have tough skin. (AC +1)


Message History

You start waiting.
Done waiting.
You start waiting.
Done waiting.
You start waiting.
Done waiting.
Found a stone staircase leading down.
There is a stone staircase leading down here.
There is a stone staircase leading down here.
There is a stone staircase leading up here.
There is a stone staircase leading up here.
There is a stone staircase leading down here.
A two-headed ogre is nearby!
The two-headed ogre shouts in stereo!
Okay, then.
There is a stone staircase leading up here.
The two-headed ogre hits you with a +2 dire flail of draining.
You feel drained.
The two-headed ogre hits you with a +0 giant spiked club!!
You climb upwards.
There is a stone staircase leading down here.
Okay, then.
Okay, then.
You aren't carrying any armour which can be enchanted further.
Unknown command.
Okay, then.
As you read the scroll of teleportation, it crumbles to dust.
You feel strangely unstable.
The two-headed ogre hits you with a +2 dire flail of draining!!
* * * LOW HITPOINT WARNING * * *
You feel drained.
* * * LOW HITPOINT WARNING * * *
The two-headed ogre completely misses you.
Okay, then.
It was a potion of flight.
You feel very buoyant.
You fly up into the air.
The two-headed ogre hits you with a +2 dire flail of draining!
You die...
Your body crumbles into a pile of gold.

######### #........ #####
###########... #####...#
##._.###._.#### ......#.#
####.....8.....# #
#####...########@.#..⌠.....⌠..#
#
######.#.......#O###.........##
# ....##.#.........#
###.....######
###.##.#.......### ###'###.....
#.##.........# #..........
#.####.......# #..)..####.
##.## #.......# ##.....## #<
##...###.......#### #.......#
#.
#.###.#####.##....####.......#
#.


You could see a two-headed ogre.

Vanquished Creatures
  Grinder (D:3)
  Edmund (D:5)
  An orc warrior (D:6)
  A sky beast (D:6)
  A necrophage (D:6)
  2 phantoms
  Blork the orc (D:6)
  A bullfrog (D:4)
  5 scorpions
  A water moccasin skeleton (D:4)
  A vampire bat (D:3)
  8 wights
  A centaur zombie (D:6)
  A hound (D:4)
  Terence (D:3)
  Jessica (D:3)
  A centaur skeleton (D:4)
  2 iguanas
  Ijyb (D:3)
  A hound skeleton (D:5)
  3 gnolls (D:2)
  9 adders
  3 ufetubi
  A worm (D:5)
  3 fire bats (D:3)
  15 orcs
  2 spectral bats (D:3)
  17 bats
  3 bat skeletons (D:3)
  A bat zombie (D:3)
  7 endoplasms
  2 giant cockroaches
  2 goblins
  7 hobgoblins
  4 quokkas
  3 ball pythons
  A bat simulacrum (D:3)
  2 frilled lizards (D:1)
  5 kobolds
  20 rats
143 creatures vanquished.

Vanquished Creatures (others)
  23 foxfires
  15 fungi (D:4)
38 creatures vanquished.

Grand Total: 181 creatures vanquished

Notes
Turn   | Place    | Note
-------+----------+-------------------------------------------
     0 | D:1      | Zeld the Ogre Fire Elementalist began the quest for the
                  | Orb.
     0 | D:1      | Reached XP level 1. HP: 16/16 MP: 3/3
    74 | D:1      | Reached skill level 1 in Conjurations
   519 | D:1      | Reached XP level 2. HP: 24/24 MP: 0/5
   604 | D:1      | Learned a level 2 spell: Scorch
  1188 | D:2      | Reached skill level 3 in Spellcasting
  1188 | D:2      | Reached XP level 3. HP: 24/31 MP: 0/7
  1192 | D:2      | Learned a level 3 spell: Inner Flame
  1702 | D:2      | Found a faded altar of an unknown god.
  1780 | D:2      | Noticed a phantom
  1905 | D:2      | Killed a phantom
  1906 | D:2      | Reached XP level 4. HP: 24/39 MP: 0/9
  1906 | D:2      | Reached XP level 5. HP: 28/45 MP: 0/10
  1911 | D:2      | Learned a level 4 spell: Flame Wave
  2181 | D:2      | Reached skill level 4 in Spellcasting
  2673 | D:3      | Noticed Grinder
  2673 | D:3      | Paralysed by Grinder for 2 turns
  2689 | D:3      | Paralysed by Grinder for 6 turns
  2697 | D:3      | Killed Grinder
  2698 | D:3      | Reached XP level 6. HP: 41/53 MP: 4/13
  2770 | D:3      | Noticed Ijyb
  2778 | D:3      | Killed Ijyb
  3142 | D:3      | Reached skill level 5 in Spellcasting
  3142 | D:3      | Reached XP level 7. HP: 59/59 MP: 11/14
  3401 | D:3      | Noticed Jessica
  3404 | D:3      | Killed Jessica
  3590 | D:3      | Found a basalt altar of Yredelemnul.
  3590 | D:3      | Found an ornate altar of the Wu Jian Council.
  3616 | D:3      | Noticed Terence
  3620 | D:3      | Killed Terence
  4330 | D:4      | Got the Reference Book on Hexes
  4344 | D:4      | Reached skill level 5 in Fire Magic
  4547 | D:4      | Reached skill level 6 in Spellcasting
  4547 | D:4      | Reached XP level 8. HP: 67/67 MP: 9/17
  4687 | D:4      | Found a staircase to the Ecumenical Temple.
  4710 | Temple   | Entered the Ecumenical Temple
  4731 | Temple   | Became a worshipper of Gozag Ym Sagoz the Greedy
  4971 | D:4      | Noticed a two-headed ogre
  5015 | D:5      | Entered Level 5 of the Dungeon
  5039 | D:5      | Identified the +1 falchion of Qawusin {spect, Str+5 Int+3
                  | Dex+5}
  5294 | D:5      | Noticed Edmund
  5303 | D:5      | Killed Edmund
  6016 | D:5      | Reached skill level 7 in Spellcasting
  6131 | D:6      | Noticed Blork the orc
  6320 | D:6      | Reached XP level 9. HP: 72/74 MP: 15/20
  6322 | D:6      | Killed Blork the orc
  6519 | D:6      | Learned a level 5 spell: Fireball
  6526 | D:6      | Learned a level 6 spell: Starburst
  7120 | D:6      | Found a shimmering blue altar of Sif Muna.
  7526 | D:4      | Reached skill level 8 in Spellcasting
  8085 | D:3      | Mangled by a two-headed ogre

Illustrated notes

Levels and vault maps discovered:
D:1:      beargit_arrival_greenhouse, layout_rooms, serial_park_tiny_2
D:2:      layout_loops_ring, chequers_ecumenical_altar_island, minmay_rat_hole
D:3:      layout_loops_ring, gammafunk_temple_overflow_pools, goddamned_bats,
          uniq_grinder, uniq_jessica, uniq_terence, uniq_ijyb
D:4:      old_forge, layout_loops_ring, minmay_temple_entry_slanted, minivault_5
D:5:      layout_loops_ring, uniq_edmund
D:6:      layout_basic, led_sif_pool, kennysheep_cross_bottleneck,
          uniq_blork_the_orc
D:7:      minmay_chambers_of_sevens, layout_cave_pools,
          nzn_hepliaklqana_mist_gate, lemuel_crystal_altar, serial_rivers,
          chequers_serial_rivers_micro_c, chequers_serial_rivers_micro_e,
          chequers_serial_rivers_room_b, chequers_serial_rivers_micro_d,
          nicolae_stop_n_shop_2
Temple:   nicolae_temple_x_marks_the_god

Skill      XL: |  1  2  3  4  5  6  7  8  9 |
---------------+----------------------------+-----
Conjurations   | 1 2 3 4 |  4.3
Dodging        | 2 3 4 |  4.7
Spellcasting   | 3 4 5 6 7 8 |  8.0
Fire Magic     | 3 4 5 6 |  6.8
Stealth        | |  1.4

Action                   |  1- 3 |  4- 6 |  7- 9 || total
-------------------------+-------+-------+-------++-------
Melee: Unarmed           |    11 |    69 |       ||    80
       Punch             |     1 |     2 |       ||     3
       Dagger            |       |    21 |    79 ||   100
       Falchion          |       |       |    41 ||    41
 Cast: Foxfire           |    19 |       |       ||    19
       Scorch            |    28 |    26 |   124 ||   178
  Use: Scroll            |       |       |     8 ||     8
       Potion            |       |       |     1 ||     1
Armor: Robe              |    14 |    50 |    80 ||   144
Dodge: Dodged            |    20 |    86 |   167 ||   273
